 Seeded DCSS version 0.30-a0-304-gdc4b735fe1 (webtiles) character file.

Game seed: 8874104473175088296 (custom seed)

265 Iusername the Trooper (level 5, -1/48 HPs)
             Began as a Minotaur Fighter on Oct 20, 2022.
             Slain by an ogre
             ... wielding a +0 giant club
              (17 damage)
             ... on level 3 of the Dungeon.
             The game lasted 00:02:24 (2350 turns).

Iusername the Trooper (Minotaur Fighter)            Turns: 2350, Time: 00:02:24

Health: -1/48      AC:  7    Str: 23    XL:     5   Next: 99%
Magic:  4/4        EV:  9    Int:  5    God:
Gold:   114        SH:  0    Dex:  9    Spells: 4/4 levels left

rFire   + . .      SeeInvis .    f - +11 executioner's axe "Kemmov" {freeze, *Slow rElec rPois rF+}
rCold   . . .      Faith    .    (shield currently unavailable)
rNeg    . . .      Spirit   .    b - +0 scale mail
rPois   +          Reflect  .    (helmet restricted)
rElec   +          Harm     .    (no cloak)
rCorr   .          Rampage  .    (no gloves)
Will    .....                    (no boots)
Stlth   ..........               (no amulet)
HPRegen 0.28/turn                (no ring)
MPRegen 0.09/turn                (no ring)

@: no status effects
A: horns 2, retaliatory headbutt
a: no special abilities


You were on level 3 of the Dungeon.
You visited 1 branch of the dungeon, and saw 3 of its levels.

You collected 114 gold pieces.

Inventory:

Hand Weapons
 f - the +11 executioner's axe "Kemmov" (weapon) {freeze, *Slow rElec rPois rF+}
   (You acquired it on level 2 of the Dungeon)

   It freezes those it strikes, dealing additional cold damage.
   It can also slow down cold-blooded creatures.
   rF:        It protects you from fire.
   rElec:     It insulates you from electricity.
   rPois:     It protects you from poison.
   *Slow:     It may slow you when you take damage.
Missiles
 k - 4 javelins (quivered)
Armour
 b - a +0 scale mail (worn)
Jewellery
 c - an amulet of magic regeneration
Scrolls
 a - a scroll of magic mapping
 i - a scroll of teleportation {unknown}
Potions
 e - a potion of invisibility {unknown}
 g - a potion of lignification
 j - a potion of mutation {unknown}
 l - a potion of flight {unknown}


   Skills:
 + Level 5.1 Fighting
 + Level 4.3 Axes
 + Level 5.0 Armour
 + Level 5.1 Shields


You had 4 spell levels left.
You didn't know any spells.
Your spell library contained the following spells:

 Spells                   Type           Power      Damage    Failure   Level
 Kindle Blastsparks       Fire/Tloc/Air  0%         2d10      98%         3
 Fulminant Prism          Conj/Hex       0%         3d6       100%        4
 Iskenderun's Mystic Bla  Conj/Tloc      0%         2d3       100%        4
 Lee's Rapid Deconstruct  Erth           0%         3d4*      100%        5


Dungeon Overview and Level Annotations

Branches:
Dungeon (3/15)

Altars:
Qazlal

Annotations:
D:3 1 runed translucent door, Crazy Yiuf


Innate Abilities, Weirdness & Mutations

You have a pair of horns on your head.
You reflexively headbutt those who attack you in melee.


Message History

You kill the goblin!
Found a stone staircase leading down.
No target in view!
Found an escape hatch in the floor.
No target in view!
Found a stormy altar of Qazlal.
No target in view!
A bat comes into view.
You barely miss the bat. Your headbutt misses the bat. The bat hits you.
The bat hits you but does no damage.
A bat is nearby!
The bat hits you but does no damage.
A bat is nearby!
A bat is nearby!
The bat hits you but does no damage.
A bat is nearby!
The bat barely misses you.
A bat is nearby!
You slice the bat!! You freeze the bat.
You kill the bat!
You enter the shallow water.
Moving in this stuff is going to be slow.
You now have 114 gold pieces (gained 11).
An ogre comes into view. It is wielding a +0 giant club.
The ogre shouts!
The ogre moves out of view.
No target in view!
An ogre is nearby!
The ogre barely misses you. You furiously retaliate!
You headbutt the ogre.
An ogre is nearby!
You barely miss the ogre. Your headbutt misses the ogre.
The ogre is moderately wounded.
The ogre hits you with a +0 giant club!!
Ouch! That really hurt!
You are too injured to fight recklessly!
Unknown command.
You slash the ogre! You freeze the ogre.
The ogre is almost dead.
The ogre hits you with a +0 giant club!
You die...

#. #. ###.##
#. ....# #.
.... #..##..#
# #.....O#.#
#...##@#.#
##........#
#.......###
#.##.##.#
#.##....###
#.#.......#
#...~.~~..##
###..§§§§..##
#..§§§§...#


You could see an ogre.

Vanquished Creatures
  Sigmund (D:3)
  Robin (D:2)
  3 adders
  2 worms
  A dart slug (D:1)
  3 ball pythons
  9 bats
  4 endoplasms
  15 goblins
  7 hobgoblins
  2 kobolds
  A quokka (D:1)
  6 frilled lizards
  7 rats
62 creatures vanquished.

Notes
Turn   | Place    | Note
-------+----------+-------------------------------------------
     0 | D:1      | Iusername the Minotaur Fighter began the quest for the Orb.
     0 | D:1      | Reached XP level 1. HP: 19/19 MP: 0/0
   122 | D:1      | Reached XP level 2. HP: 27/27 MP: 1/1
   698 | D:2      | Reached XP level 3. HP: 33/33 MP: 2/2
  1247 | D:2      | Noticed Robin
  1259 | D:2      | Killed Robin
  1260 | D:2      | Reached XP level 4. HP: 18/41 MP: 3/3
  1714 | D:2      | Identified a scroll of acquirement
  1714 | D:2      | Acquired the +11 executioner's axe "Kemmov" {freeze, *Slow
                  | rElec rPois rF+}
  1815 | D:3      | Found a runed translucent door.
  1816 | D:3      | Noticed Crazy Yiuf
  1892 | D:3      | Noticed Sigmund
  1918 | D:3      | HP: 2/41 [something/magic dart (5)]
  1924 | D:3      | Killed Sigmund
  1925 | D:3      | Reached skill level 5 in Fighting
  1925 | D:3      | Reached skill level 5 in Armour
  1925 | D:3      | Reached skill level 5 in Shields
  1925 | D:3      | Reached XP level 5. HP: 6/48 MP: 4/4
  2330 | D:3      | Found a stormy altar of Qazlal.
  2345 | D:3      | Noticed an ogre
  2350 | D:3      | Slain by an ogre

Illustrated notes

Levels and vault maps discovered:
D:1:      psy_arrival_fountain, layout_rooms
D:2:      cheibrodos_helix_gallery, layout_loops_corners, uniq_robin
D:3:      layout_loops_cross, nicolae_qazlal_scattered_showers,
          minmay_divided_ellipse, uniq_sigmund, uniq_crazy_yiuf_cottage

Skill      XL: |  1  2  3  4 |
---------------+-------------+-----
Fighting       | 4 5 |  5.1
Armour         | 4 5 |  5.0
Shields        | 4 5 |  5.1
Axes           | 3 4 |  4.3

Action                   |  1- 3 |  4- 6 || total
-------------------------+-------+-------++-------
Melee: War axe           |    87 |     6 ||    93
       Headbutt          |    11 |     1 ||    12
       Executioner's axe |       |    24 ||    24
Throw: Javelin           |     5 |       ||     5
  Use: Potion            |     1 |     2 ||     3
       Scroll            |       |     2 ||     2
Armor: Scale mail        |    50 |    17 ||    67
       Skin              |       |     4 ||     4
Dodge: Dodged            |    36 |    11 ||    47
Block: Buckler           |    22 |     1 ||    23

Table legend: (Time is in decaauts)
 A = Elapsed time spent in this place.
 B = Non-inter-level travel time spent in this place.
 C = Inter-level travel time spent in this place.
 D = Time resting spent in this place.
 E = Time spent auto-exploring this place.
 F = Levels seen in this place.
 G = Mean time per level.
                   A        B        C        D        E       F      G
               +--------+--------+--------+--------+--------+-----+--------+
         Total |   2406 |   2377 |     29 |    637 |   1356 |   3 |  802.0 |
       Dungeon |   2406 |   2377 |     29 |    637 |   1356 |   3 |  802.0 |
               +--------+--------+--------+--------+--------+-----+--------+

Top non-repeatable levels by time:
     D:2: 1231 daAuts
     D:3: 630 daAuts
     D:1: 545 daAuts
